 Dungeon Crawl Stone Soup version 0.28.0-47-ge53b351184 (webtiles) character file.

Game seed: 8122732465851598554

28 falhazar the Grasshopper (level 3, -1/33 HPs)
             Began as a Troll Warper on Apr 25, 2022.
             Was a Believer of Uskayaw.
             Slain by Sigmund
             ... wielding a +0 scythe
              (6 damage)
             ... on level 3 of the Dungeon.
             The game lasted 00:06:46 (1495 turns).

falhazar the Grasshopper (Troll Warper)             Turns: 1495, Time: 00:06:46

Health: -1/33      AC:  4    Str: 19    XL:     3   Next: 0%
Magic:  1/4        EV: 10    Int: 11    God:    Uskayaw [**....]
Gold:   186        SH:  0    Dex:  9    Spells: 3/5 levels left

rFire   . . .      SeeInvis .     - Unarmed
rCold   . . .      Faith    .   (no shield)
rNeg    . . .      Spirit   .   a - +0 robe
rPois   .          Reflect  .   (helmet restricted)
rElec   .          Harm     .   (no cloak)
rCorr   .          Rampage  .   (gloves unavailable)
Will    .....                   (boots unavailable)
Stlth   +.........              (no amulet)
HPRegen 0.91/turn               (no ring)
MPRegen 0.09/turn               (no ring)

@: attractive
A: large, unfitting armour, claws 3, regeneration 1, shaggy fur 1, tough skin 1
a: Renounce Religion, Stomp, Line Pass


You were on level 3 of the Dungeon.
You worshipped Uskayaw.
Uskayaw was noncommittal.
You visited 1 branch of the dungeon, and saw 3 of its levels.

You collected 186 gold pieces.

Inventory:

Missiles
 c - 5 boomerangs of dispersal (quivered)
Armour
 a - a +0 robe (worn)
Scrolls
 b - a scroll of blinking
 e - a scroll of identify {unknown}
 f - a scroll of teleportation {unknown}
 h - a scroll of enchant armour {unknown}
Potions
 g - 2 potions of degeneration {unknown}


   Skills:
 + Level 1.6 Fighting
 + Level 0.8 Throwing
 * Level 2.3 Dodging
 + Level 2.2 Unarmed Combat
 * Level 1.6 Spellcasting
 + Level 2.4 Translocations


You had 3 spell levels left.
You knew the following spells:

 Your Spells              Type           Power      Damage    Failure   Level
a - Blink                 Tloc           12%        N/A       17%         2

Your spell library contained the following spells:

 Spells                   Type           Power      Damage    Failure   Level
 Gell's Gravitas          Tloc           6%         N/A       32%         3
 Lesser Beckoning         Tloc           6%         N/A       32%         3
 Teleport Other           Tloc           6%         N/A       32%         3
 Manifold Assault         Tloc           6%         N/A       97%         5


Dungeon Overview and Level Annotations

Branches:
Dungeon (3/15)

Altars:
Uskayaw

Shops:
D:1 [

Annotations:
D:3 3 runed translucent doors, RascalDebosk's ghost, amateur PaFi; Sigmund


Innate Abilities, Weirdness & Mutations

You are too large for most types of armour.
You have claws for hands.
Your natural rate of healing is unusually fast.
You are covered in fur. (AC +1)
You have tough skin. (AC +1)


Message History

The puff of flame hits you.
There is an open door here.
There is an open door here.
You close the door.
Something unseen breaks down the door.
Something hits you.
There is a broken door here.
You barely miss something. Something hits you.
You closely miss something. Your claw misses something. Something hits you.
You claw something! You miss something. Something hits you but does no damage.
You claw something!
You hear some strange, mumbled words.
A magic dart appears from out of thin air!
The magic dart hits you.
You can now pass through a line of other dancers.
You miss something.
You hear some strange, mumbled words.
A magic dart appears from out of thin air!
The magic dart hits you.
You stomp with the beat, sending a shockwave through the revellers around you!
You can no longer pass through a line of other dancers.
Something hits you!
You can now pass through a line of other dancers.
You miss something. You scratch something but do no damage. Something hits you.
You scratch something. You miss something.
You hear some strange, mumbled words.
A magic dart appears from out of thin air!
The magic dart hits you.
You closely miss something. Something hits you!
* * * LOW HITPOINT WARNING * * *
Casting: Blink (safe; 17% risk of failure)
Confirm with . or Enter, or press ? or * to list all spells.
You don't have enough magic to cast this spell.
It was a potion of attraction.
You feel attractive to monsters. Something hits you.
You die...

### #<# #.# #.# #.#
#.######### ############
#†...##...# #..........#
#....##...###..........####
#...>.'...@{'.............#
#....##...###..........##.#
#....##...# #..........##..
#.##+###### #..............
#.. #.............. #..
#...........###
#...........#..
#...........#g.
#...........#o.


There were no monsters in sight!

Vanquished Creatures
  A dart slug (D:1)
  A ball python (D:1)
  4 bats
  An endoplasm (D:1)
  A giant cockroach (D:2)
  3 goblins
  4 hobgoblins
  2 quokkas (D:1)
  3 frilled lizards
  3 kobolds
  A rat (D:1)
24 creatures vanquished.

Vanquished Creatures (others)
  2 plants (D:2)
2 creatures vanquished.

Grand Total: 26 creatures vanquished

Notes
Turn   | Place    | Note
-------+----------+-------------------------------------------
     0 | D:1      | falhazar the Troll Warper began the quest for the Orb.
     0 | D:1      | Reached XP level 1. HP: 19/19 MP: 1/1
   266 | D:1      | Reached XP level 2. HP: 27/27 MP: 1/3
   463 | D:1      | Found Vottir's Armour Boutique.
   672 | D:1      | Found a faded altar of an unknown god.
   679 | D:1      | Prayed at the altar of an unknown god.
   679 | D:1      | Became a worshipper of Uskayaw the Reveller
   679 | D:1      | Reached * piety under Uskayaw
   796 | D:2      | Reached ** piety under Uskayaw
   815 | D:2      | Learned a level 2 spell: Blink
  1423 | D:3      | Reached XP level 3. HP: 33/33 MP: 4/4
  1452 | D:3      | Found a runed translucent gate.
  1452 | D:3      | Found a runed translucent gate.
  1452 | D:3      | Noticed RascalDebosk's ghost (amateur PaFi)
  1452 | D:3      | Noticed an ogre
  1454 | D:3      | Found a runed translucent gate.
  1459 | D:3      | Noticed Sigmund
  1495 | D:3      | Slain by Sigmund

Illustrated notes

Levels and vault maps discovered:
D:1:      mrwooster_arrival_arrow, layout_basic,
          dilly_ecumenical_altar_fadedgnrine, serial_shops, shop_coins,
          grunt_decor_arrowhead, minmay_domino_2
D:2:      layout_rooms, chequers_big_river
D:3:      layout_basic, gammafunk_ghost_split, uniq_sigmund

Skill      XL: |  1 |
---------------+----+-----
Dodging        | 2 |  2.3
Fighting       | |  1.6
Throwing       | |  0.8
Unarmed Combat | |  2.2
Spellcasting   | |  1.6
Translocations | |  2.4

Action                   || total
-------------------------++-------
Melee: Unarmed           ||    87
Invok: Stomp             ||     2
  Use: Potion            ||     1
Armor: Robe              ||    25
Dodge: Dodged            ||    31
